 Dungeon Crawl Stone Soup version 0.28-a0-439-g4cf4cd4993 (webtiles) character file.

Game seed: 12514503843207036451

1647 Conn the Firebug (level 9, -6/53 (54) HPs)
             Began as an Octopode Fire Elementalist on Sept 11, 2021.
             Killed from afar by a steam dragon (14 damage)
             ... with a ball of steam
             ... on level 6 of the Dungeon.
             The game lasted 00:16:37 (5682 turns).

Conn the Firebug (Octopode Fire Elementalist)       Turns: 5682, Time: 00:16:38

HP:   -6/53 (54)    AC:  1    Str:  4 (7)  XL:     9   Next: 0%
MP:   13/16         EV: 14    Int: 19 (20) God:
Gold: 442           SH:  0    Dex: 11 (13) Spells: 7/18 levels left

rFire   . . .      SeeInvis .   n - +2 dagger (freeze)
rCold   + . .      Faith    .   (no shield)
rNeg    + + .      Spirit   .   (helmet restricted)
rPois   .          Reflect  .   (no amulet)
rElec   .          Harm     .   m - ring of positive energy
rCorr   .          Rampage  .   o - ring of positive energy
Will    .....                   q - ring of protection from cold
Stlth   ++++......              (no ring)
HPRegen 0.17/turn               (no ring)
MPRegen 0.15/turn               (no ring)
                                (no ring)
                                (no ring)

@: mighty, lightly drained
A: almost no armour, amphibious, 8 rings, camouflage 1, gelatinous body 1,
(nimble swimmer 1), tentacles
a: no special abilities


You were on level 6 of the Dungeon.
You visited 1 branch of the dungeon, and saw 6 of its levels.

You collected 442 gold pieces.

Inventory:

Hand Weapons
 a - a +0 short sword
 f - a +1 dagger of draining
 h - the +2 quarterstaff "Xedia" {vorpal, rN+}
   (You found it on level 1 of the Dungeon)

   It inflicts extra damage upon your enemies.
   rN:        It protects you from negative energy.
 n - a +2 dagger of freezing (weapon)
Armour
 l - a +0 buckler
Jewellery
 m - a ring of positive energy (left tentacle)
 o - a ring of positive energy (right tentacle)
 q - a ring of protection from cold (on tentacle)
Wands
 r - a wand of flame (17)
Scrolls
 c - 4 scrolls of identify
Potions
 d - a potion of flight


   Skills:
 + Level 1.6 Fighting
 + Level 2.5 Short Blades
 + Level 1.9 Staves
 + Level 4.1 Dodging
 + Level 4.6 Stealth
 + Level 5.3 Spellcasting
 + Level 4.9 Conjurations
 + Level 1.3 Hexes
 + Level 5.9 Fire Magic
 + Level 0.2 Evocations


You had 7 spell levels left.
You knew the following spells:

 Your Spells              Type           Power      Damage    Failure   Level
a - Foxfire               Conj/Fire      100%       2x1d9     1%          1
b - Conjure Flame         Conj/Fire      25%        6-21      4%          3
c - Inner Flame           Hex/Fire       18%        N/A       9%          3
d - Flame Wave            Conj/Fire      25%        3d6       13%         4

Your spell library contained the following spells:

 Spells                   Type           Power      Damage    Failure   Level
 Scorch                   Fire           54%        2d7       1%          2
 Apportation              Tloc           10%        N/A       12%         1
 Sting                    Tmut/Pois      20%        1d4       12%         1
 Poisonous Vapours        Pois/Air       10%        N/A       19%         2
 Olgreb's Toxic Radiance  Pois           5%         N/A       77%         4
 Alistair's Intoxication  Tmut/Pois      3%         N/A       98%         5
 Invisibility             Hex            5%         N/A       100%        6


Dungeon Overview and Level Annotations

Branches:
Dungeon (6/15)
 Temple: D:4-7

Altars:
Fedhas
Okawaru
Qazlal
Ru
Wu Jian
Xom

Shops:
D:1 *

Annotations:
D:5 Pikel


Innate Abilities, Weirdness & Mutations

You cannot wear most types of armour.
You are amphibious.
You can wear up to eight rings at the same time.
Your skin changes colour to match your surroundings (Stealth+).
Your rubbery body absorbs attacks. (AC +1, EV +1)
((You are camouflaged near water. (Stealth+)))
You have tentacles for arms and can constrict up to eight enemies at once.


Message History

Your foxfire dissipates!
You are engulfed in a cloud of scalding steam.
The foxfire hits the steam dragon but does no damage.
The foxfire hits the steam dragon.
The steam dragon is lightly wounded.
The foxfire hits the steam dragon.
The steam dragon is lightly wounded.
You are engulfed in a cloud of scalding steam.
* * * LOW HITPOINT WARNING * * *
A killer bee zombie comes into view.
Okay, then.
The steam dragon breathes steam at you. The ball of steam misses you.
The killer bee zombie hits you.
* * * LOW HITPOINT WARNING * * *
The killer bee zombie is engulfed in a cloud of scalding steam.
The killer bee zombie misses you. The killer bee zombie hits you.
* * * LOW HITPOINT WARNING * * *
You feel better. The killer bee zombie hits you!
* * * LOW HITPOINT WARNING * * *
Okay, then.
Okay, then.
Unknown command.
Unknown command.
Okay, then.
Unknown command.
Unknown command.
Unknown command.
Okay, then.
Press: ? - help, v - describe, . - travel
Here: a steam dragon (lightly wounded)
The floor.
Unknown command.
Unknown command.
You feel very mighty all of a sudden.
You hit the steam dragon. You freeze the steam dragon.
The steam dragon is moderately wounded.
The steam dragon breathes steam at you. The ball of steam hits you!
You die...

.##.#.#.##.###.##....#
....#...............##
.##.#.#.#.##.#.##..##
.##...#........##..#
.#*,#......#.#.....#
..,.#.#..(...#.##.####
.##........#...#*....#
.##.#.##.#.#.#.##....#**
..,..........#ZD@.#*,,,**
,*#.###.##.#.#.##.#**,,,*****
,.?............#*..#**,,**,,***
,####.###.##.#.#*...#**,<,,,,,**
,***#.**#.*#.#.#*...#*,,**,,,,,*
,,,,,,,,..,.....,....,,,,,,,,,,*
,,,,,,,...............,,,,,,,,**
,,,*,,....|..........##,,,,,,,*
,,,,,..#...###.....,,*,,,,**,,*


You could see a steam dragon (catching breath) and a killer bee zombie.

Vanquished Creatures
  Sigmund (D:5)
  2 water moccasins (D:6)
  A black bear (D:6)
  An ice beast (D:6)
  An ogre (D:6)
  2 necrophages
  3 lemures
  A water moccasin zombie (D:5)
  2 scorpions
  A wyvern skeleton (D:6)
  A howler monkey (D:5)
  A bullfrog zombie (D:5)
  A bullfrog skeleton (D:3)
  4 orc wizards
  2 iguanas (D:5)
  A killer bee zombie (D:6)
  2 hound zombies (D:5)
  6 gnolls (D:5)
  12 adders
  2 white imps (D:6)
  A worm (D:2)
  A dart slug (D:1)
  15 orcs
  5 ball pythons
  5 endoplasms
  4 giant cockroaches
  17 goblins
  10 hobgoblins
  14 jackals
  13 kobolds
  5 quokkas
  5 bats
  5 frilled lizards
  4 rats
151 creatures vanquished.

Vanquished Creatures (others)
  394 foxfires
394 creatures vanquished.

Grand Total: 545 creatures vanquished

Notes
Turn   | Place    | Note
-------+----------+-------------------------------------------
     0 | D:1      | Conn the Octopode Fire Elementalist began the quest for the
                  | Orb.
     0 | D:1      | Reached XP level 1. HP: 11/11 MP: 3/3
    30 | D:1      | Found a faded altar of an unknown god.
    32 | D:1      | Noticed a floating eye
    37 | D:1      | Noticed a floating eye
    40 | D:1      | Noticed a golden eye
    40 | D:1      | Noticed a floating eye
   319 | D:1      | Reached XP level 2. HP: 10/17 MP: 3/5
  1062 | D:1      | Found Nukem's Assorted Antiques.
  1071 | D:1      | Reached XP level 3. HP: 17/21 MP: 3/6
  1700 | D:1      | Identified the +2 quarterstaff "Xedia" {vorpal, rN+}
  1896 | D:2      | Found an ornate altar of the Wu Jian Council.
  1936 | D:2      | Reached XP level 4. HP: 27/27 MP: 1/7
  2126 | D:2      | Reached skill level 1 in Short Blades
  2583 | D:3      | Reached XP level 5. HP: 31/31 MP: 3/9
  2617 | D:3      | Reached skill level 1 in Staves
  2993 | D:3      | Found an iron altar of Okawaru.
  3409 | D:4      | Noticed a necrophage
  3416 | D:4      | Killed a necrophage
  3417 | D:4      | Reached skill level 1 in Fighting
  3417 | D:4      | Reached XP level 6. HP: 38/38 MP: 4/11
  3686 | D:4      | Found a sacrificial altar of Ru.
  3708 | D:4      | Found a blossoming altar of Fedhas.
  4031 | D:5      | Entered Level 5 of the Dungeon
  4254 | D:5      | Reached XP level 7. HP: 43/43 MP: 8/12
  4330 | D:5      | Found a stormy altar of Qazlal.
  4587 | D:5      | Noticed Pikel
  4846 | D:4      | Learned a level 3 spell: Conjure Flame
  4850 | D:4      | Learned a level 3 spell: Inner Flame
  4855 | D:4      | Learned a level 4 spell: Flame Wave
  4995 | D:5      | Noticed Sigmund
  5008 | D:5      | Killed Sigmund
  5009 | D:5      | Reached skill level 5 in Fire Magic
  5016 | D:5      | Reached XP level 8. HP: 48/48 MP: 1/14
  5304 | D:6      | Reached skill level 5 in Spellcasting
  5304 | D:6      | Reached skill level 1 in Hexes
  5370 | D:6      | Found a shimmering altar of Xom.
  5585 | D:6      | Reached XP level 9. HP: 43/53 MP: 12/16
  5682 | D:6      | Killed from afar by a steam dragon

Illustrated notes

Levels and vault maps discovered:
D:1:      dpeg_arrival_tiny_b, layout_basic, serial_shops, shop_statue,
          serial_curves, eino_curves_04, eino_curves_01, eino_curves_04,
          eino_curves_03, hellmonk_ecumenical_altar_watching_god,
          columned_hall_lemuel, minivault_5, st_stairs_7
D:2:      layout_basic, basic_altar, minmay_unequal
D:3:      cheibrodos_greedy_goblins, layout_rooms, mainiacjoe_overflow_alcove_4,
          st_stairs_3, minmay_goblin_kobold_house
D:4:      layout_basic, mainiacjoe_overflow_paths, mainiacjoe_overflow_catwalk
D:5:      layout_loops_ring, mainiacjoe_overflow_brackets, sigmund_army,
          uniq_pikel
D:6:      layout_cave_pools, kennysheep_little_box, minmay_diced_spiral

Skill      XL: |  1  2  3  4  5  6  7  8 |
---------------+-------------------------+-----
Stealth        | 3 4 |  4.6
Short Blades   | 1 2 |  2.5
Spellcasting   | 3 4 5 |  5.3
Staves         | 1 |  1.9
Fire Magic     | 4 5 |  5.9
Fighting       | 1 |  1.6
Dodging        | 3 4 |  4.1
Conjurations   | 2 3 4 |  4.9
Hexes          | 1 |  1.3
Evocations     | |  0.2

Action                   |  1- 3 |  4- 6 |  7- 9 || total
-------------------------+-------+-------+-------++-------
Melee: Short sword       |    25 |       |       ||    25
       Constrict         |    12 |    11 |     8 ||    31
       Tentacles         |     4 |     5 |     8 ||    17
       Dagger            |     6 |    20 |    46 ||    72
       Quarterstaff      |     4 |    38 |       ||    42
 Cast: Foxfire           |    40 |   113 |    86 ||   239
       Inner Flame       |       |       |     5 ||     5
       Conjure Flame     |       |       |     1 ||     1
Evoke: Wand              |       |       |     2 ||     2
  Use: Potion            |       |       |    12 ||    12
       Scroll            |       |       |     5 ||     5
 Stab: Sleeping          |     5 |     1 |     2 ||     8
Armor: Skin              |     6 |     4 |    16 ||    26
Dodge: Dodged            |    25 |    72 |    40 ||   137

Table legend: (Time is in decaauts)
 A = Elapsed time spent in this place.
 B = Non-inter-level travel time spent in this place.
 C = Inter-level travel time spent in this place.
 D = Time resting spent in this place.
 E = Time spent auto-exploring this place.
 F = Levels seen in this place.
 G = Mean time per level.
                   A        B        C        D        E       F      G
               +--------+--------+--------+--------+--------+-----+--------+
         Total |   5687 |   5562 |    125 |    198 |   3854 |   6 |  947.8 |
       Dungeon |   5687 |   5562 |    125 |    198 |   3854 |   6 |  947.8 |
               +--------+--------+--------+--------+--------+-----+--------+

Top non-repeatable levels by time:
     D:1: 1766 daAuts
     D:5: 942 daAuts
     D:4: 913 daAuts
     D:2: 813 daAuts
     D:3: 800 daAuts
     D:6: 451 daAuts
